 Dungeon Crawl Stone Soup version 0.31-a0-750-gfe7b580527 (webtiles) character file.

Game seed: 9408524811521857461

162 GloriousHammer the Trooper (level 5, 0/59 HPs)
             Began as an Ogre Warper on Sept 14, 2023.
             Slain by Edmund
             ... wielding a +3 dire flail of protection
              (14 damage)
             ... on level 4 of the Dungeon.
             The game lasted 00:06:19 (2848 turns).

GloriousHammer the Trooper (Ogre Warper)            Turns: 2848, Time: 00:06:20

Health: 0/59       AC:  3    Str: 17    XL:     5   Next: 43%
Magic:  17/17      EV:  9    Int: 14    God:
Gold:   250        SH:  0    Dex:  8    Spells: 1/8 levels left

rFire   . . .        a - +0 mace
rCold   . . .        (no shield)
rNeg    . . .        b - +0 robe
rPois   .            (helmet restricted)
rElec   .            (no cloak)
rCorr   .            (gloves unavailable)
SInv    .            (boots unavailable)
Will    .....        (no amulet)
Stlth   +            M - ring of magical power
HPRegen 0.29/turn    (no ring)
MPRegen 0.15/turn

%: no passive effects
@: no status effects
A: large, unfitting armour, tough skin 1
a: no special abilities


You were on level 4 of the Dungeon.
You visited 1 branch of the dungeon, and saw 4 of its levels.

You collected 250 gold pieces.

Inventory:

Hand Weapons
 a - a +0 mace (weapon)
Missiles
 d - 6 darts of dispersal
 j - 15 stones
 s - a boomerang
Armour
 b - a +0 robe (worn)
Jewellery
 M - a ring of magical power (left hand)
Scrolls
 c - a scroll of blinking
 e - a scroll of fear {unknown}
 h - a scroll of noise {unknown}
 l - a scroll of teleportation {unknown}
 n - 2 scrolls of identify {unknown}
 o - a scroll of vulnerability {unknown}
Potions
 f - a potion of resistance {unknown}
 g - a potion of degeneration {unknown}
 i - a potion of enlightenment {unknown}
 k - 2 potions of curing {unknown}
 m - a potion of haste {unknown}
 p - a potion of mutation {unknown}
 q - a potion of heal wounds {unknown}


   Skills:
 * Level 6.1 Fighting
 + Level 3.2 Maces & Flails
 - Level 1.0 Throwing
 - Level 2.1 Dodging
 - Level 2.4 Spellcasting
 - Level 2.6 Translocations


You had one spell level left.
You knew the following spells:

 Your Spells              Type           Power      Damage    Failure   Level
a - Blink                 Tloc           18%        N/A       12%         2
b - Lesser Beckoning      Tloc           18%        N/A       12%         2
c - Teleport Other        Tloc           9%         N/A       22%         3

Your spell library contained the following spells:

 Spells                   Type           Power      Damage    Failure   Level
 Gell's Gravitas          Tloc           9%         N/A       22%         3
 Manifold Assault         Tloc           9%         N/A       58%         4
 Vhi's Electric Charge    Tloc/Air       10%        N/A       78%         4
 Dispersal                Tloc           4%         N/A       100%        6


Dungeon Overview and Level Annotations

Branches:
Dungeon (4/15)
 Temple: D:4-7

Altars:

Annotations:
D:4 Edmund


Innate Abilities, Weirdness & Mutations

You are too large for most types of armour.
You have tough skin. (AC +1)


Message History

An orc comes into view. It is wielding a +0 whip.
You see here a hobgoblin corpse.
You hit the orc but do no damage. The orc hits you with a +0 whip.
You barely miss the orc. The orc barely misses you. The orc closely misses you.
You barely miss the orc. The orc barely misses you.
You hit the orc.
The orc is lightly wounded.
The orc barely misses you.
You hit the orc but do no damage.
The orc is lightly wounded.
An orc comes into view. It is wielding a +0 short sword.
The orc hits you with a +0 whip.
The orc shouts!
You hit the orc.
The orc is severely wounded.
The orc barely misses you. The orc hits you but does no damage.
An orc comes into view. It is wielding a +0 club.
The orc shouts!
You thump the orc!
You kill the orc!
You hear a shout! x2
An orc comes into view.
It is wielding a +1 hand axe of electrocution.
You hit the orc.
The orc is heavily wounded.
The orc completely misses you.
You sock the orc!
You kill the orc!
The orc throws a boomerang.
The boomerang barely misses you.
You sock the orc!
You kill the orc!
The orc throws a boomerang.
The boomerang barely misses you.
You sock the orc!
You kill the orc!
An orc comes into view. It is wielding a +0 dagger.
The orc shouts!
Items here: $ ( )))) [[ †††.
You sock the orc!
You kill the orc!
Things that are here:
a +0 dagger; an orc corpse You now have 240 gold pieces (gained 9).
Items here: ( )))) [[ †††.
Okay, then.
Items here: ( )))) [[ †††.
s - a boomerang HP restored.
You see here a hobgoblin corpse.
You now have 250 gold pieces (gained 10).
Edmund the Younger comes into view.
He is wielding a +3 dire flail of protection.
Edmund shouts!
Throw: 6 large rocks
Press: ? - help, Q - select action, (/) - cycle Shift-Dir - straight line, f - Edmund
Aim: Edmund, wielding a +3 dire flail of protection and wearing a +0 leather armour (54% to hit)
You throw a large rock. The large rock hits Edmund!
Edmund is moderately wounded.
Throw: 5 large rocks
Press: ? - help, Q - select action, (/) - cycle Shift-Dir - straight line, f/p - Edmund
Aim: Edmund, wielding a +3 dire flail of protection and wearing a +0 leather armour (moderately wounded, 54% to hit)
You throw a large rock.
The large rock hits Edmund but does no damage.
Edmund is moderately wounded.
Throw: 7 darts (disperse)
Press: ? - help, Q - select action, (/) - cycle Shift-Dir - straight line, f/p - Edmund
Aim: Edmund, wielding a +3 dire flail of protection and wearing a +0 leather armour (moderately wounded, 54% to hit)
You throw a dart of dispersal. The dart of dispersal hits Edmund.
Edmund blinks!
Edmund is moderately wounded.
You see here a large rock.
Unknown command.
Throw: 4 large rocks
Press: ? - help, Q - select action, (/) - cycle Shift-Dir - straight line, f/p - Edmund
Aim: Edmund, wielding a +3 dire flail of protection and wearing a +0 leather armour (moderately wounded, 54% to hit)
You throw a large rock. The large rock barely misses Edmund.
You hit Edmund but do no damage.
Edmund is moderately wounded.
Edmund hits you with a +3 dire flail of protection! x2
Throw: 3 large rocks
Press: ? - help, Q - select action, (/) - cycle Shift-Dir - straight line, f/p - Edmund
Aim: Edmund, wielding a +3 dire flail of protection and wearing a +0 leather armour (moderately wounded, 54% to hit)
You throw a large rock. The large rock hits Edmund!!
Edmund is severely wounded.
Edmund hits you with a +3 dire flail of protection.
Throw: 2 large rocks
Press: ? - help, Q - select action, (/) - cycle Shift-Dir - straight line, f/p - Edmund
Aim: Edmund, wielding a +3 dire flail of protection and wearing a +0 leather armour (severely wounded, 54% to hit)
You throw a large rock. The large rock barely misses Edmund.
Edmund hits you with a +3 dire flail of protection!
Edmund completely misses you.
You sock Edmund!
Edmund is almost dead.
Edmund hits you with a +3 dire flail of protection!
* * * LOW HITPOINT WARNING * * *
Edmund barely misses you.
Throw: large rock
Press: ? - help, Q - select action, (/) - cycle Shift-Dir - straight line, f/p - Edmund
Aim: Edmund, wielding a +3 dire flail of protection and wearing a +0 leather armour (almost dead, 54% to hit)
You throw a large rock. The large rock closely misses Edmund.
Edmund hits you with a +3 dire flail of protection!
You die...
Edmund says, "That'll show my brother!"

..... .# ..... #.#####
... #..... ... ##....
#.###...###.# ###
.#.##.....##.###..
.#)##.........##(#
...)†.....##..##.#
.#<###....##..##@# .#.#
#....##..##@# #.#
#....##..##.# ..#
#....##..#..##.## ...
#..>...@..........
...............((######
###.##..#.###.####
...#..#.# #.# ....#.#
#.#


You could see Edmund.

Vanquished Creatures
  A hound (D:4)
  4 adders
  A worm (D:2)
  3 dart slugs
  10 orcs
  5 ball pythons
  8 bats
  2 endoplasms
  2 giant cockroaches
  7 goblins
  5 hobgoblins
  7 jackals (D:2)
  3 kobolds (D:2)
  6 quokkas
  4 frilled lizards
  3 rats
71 creatures vanquished.

Notes
Turn   | Place    | Note
-------+----------+-------------------------------------------
     0 | D:1      | GloriousHammer the Ogre Warper began the quest for the Orb.
     0 | D:1      | Reached XP level 1. HP: 22/22 MP: 3/3
   110 | D:1      | Reached skill level 3 in Fighting
   134 | D:1      | Reached XP level 2. HP: 31/31 MP: 5/5
   494 | D:1      | Reached skill level 4 in Fighting
   605 | D:1      | Reached XP level 3. HP: 39/39 MP: 6/6
   706 | D:2      | You fall into a shaft and drop 1 floor!
   958 | D:3      | Reached XP level 4. HP: 31/49 MP: 7/7
  1467 | D:2      | Reached skill level 5 in Fighting
  2361 | D:3      | Reached XP level 5. HP: 21/58 MP: 8/8
  2727 | D:4      | Reached skill level 6 in Fighting
  2733 | D:4      | Learned a level 2 spell: Blink
  2736 | D:4      | Learned a level 2 spell: Lesser Beckoning
  2740 | D:4      | Learned a level 3 spell: Teleport Other
  2836 | D:4      | Noticed Edmund
  2848 | D:4      | Slain by Edmund

Illustrated notes

Levels and vault maps discovered:
D:1:      co_arrival_random_square_maze, layout_basic
D:2:      layout_loops_cross
D:3:      layout_loops_ring, item_on_display_a
D:4:      layout_loops_ring, uniq_edmund

Skill      XL: |  1  2  3  4  5 |
---------------+----------------+-----
Fighting       | 3 4 5 6 |  6.1
Maces & Flails | 2 3 |  3.2
Throwing       | |  1.0
Dodging        | |  2.1
Spellcasting   | |  2.4
Translocations | |  2.6

Action                     |  1- 3 |  4- 6 || total
---------------------------+-------+-------++-------
  Melee: Mace              |   114 |   131 ||   245
         Punch             |     1 |     1 ||     2
  Throw: Large rock        |       |     6 ||     6
         Dart              |       |     1 ||     1
   Stab: Sleeping          |       |     1 ||     1
 Armour: Robe              |    79 |   108 ||   187
  Dodge: Dodged            |    62 |    66 ||   128

Table legend: (Time is in decaauts)
 A = Elapsed time spent in this place.
 B = Non-inter-level travel time spent in this place.
 C = Inter-level travel time spent in this place.
 D = Time resting spent in this place.
 E = Time spent auto-exploring this place.
 F = Levels seen in this place.
 G = Mean time per level.
                   A        B        C        D        E       F      G
               +--------+--------+--------+--------+--------+-----+--------+
         Total |   2918 |   2800 |    118 |    214 |   1933 |   4 |  729.5 |
       Dungeon |   2918 |   2800 |    118 |    214 |   1933 |   4 |  729.5 |
               +--------+--------+--------+--------+--------+-----+--------+

Top non-repeatable levels by time:
     D:3: 1260 daAuts
     D:2: 873 daAuts
     D:1: 643 daAuts
     D:4: 141 daAuts
